 Dungeon Crawl Stone Soup version 0.29.1-2-gbd0b4ee654 (webtiles) character file.

Game seed: 10954921181393526286

307 styxcanada the Covert (level 6, 0/30 HPs)
             Began as a Spriggan Brigand on Nov 1, 2022.
             Was an Initiate of Gozag.
             Slain by a black bear (6 damage)
             ... on level 4 of the Dungeon.
             The game lasted 00:14:29 (3634 turns).

styxcanada the Covert (Spriggan Brigand)            Turns: 3634, Time: 00:14:30

Health: 0/30       AC:  3    Str:  7    XL:     6   Next: 16%
Magic:  9/9        EV: 18    Int: 13    God:    Gozag
Gold:   108        SH:  0    Dex: 18    Spells: 6/8 levels left

rFire   . . .      SeeInvis +   a - +2 dagger
rCold   . . .      Faith    .   (no shield)
rNeg    . . .      Spirit   .   b - +0 robe
rPois   .          Reflect  .   (helmet restricted)
rElec   .          Harm     .   c - +0 cloak
rCorr   .          Rampage  .   (gloves unavailable)
Will    +....                   (boots unavailable)
Stlth   ++++......              (no amulet)
HPRegen 0.10/turn               (no ring)
MPRegen 0.11/turn               (no ring)

@: very quick
A: very small, no large weapons, unfitting armour, see invisible, speed 3
a: Renounce Religion, Potion Petition, Call Merchant, Bribe Branch


You were on level 4 of the Dungeon.
You worshipped Gozag.
Gozag was aware of your devotion.
You visited 2 branches of the dungeon, and saw 7 of its levels.

You collected 243 gold pieces.
You paid 135 gold pieces to Gozag.

Inventory:

Hand Weapons
 a - a +2 dagger (weapon)
 s - a +4 quarterstaff of chaos
Missiles
 e - 2 curare-tipped darts
 f - 10 stones
 l - 2 boomerangs
 o - a poisoned dart (quivered)
Armour
 b - a +0 robe (worn)
 c - a +0 cloak (worn)
 p - a scarf of shadows
Jewellery
 h - a ring of fire
Wands
 d - a wand of charming (12)
Scrolls
 g - 2 scrolls of fear {unknown}
 i - 2 scrolls of enchant armour {unknown}
 j - a scroll of butterflies {unknown}
 n - a scroll of amnesia {unknown}
 r - a scroll of summoning {unknown}
 t - 2 scrolls of identify {unknown}
 y - a scroll of brand weapon {unknown}
 B - a scroll of teleportation {unknown}
Potions
 k - a potion of brilliance {unknown}
 m - 3 potions of magic {unknown}
 q - a potion of ambrosia {unknown}
 u - a potion of haste {unknown}
 v - a potion of curing {unknown}
 w - a potion of flight {unknown}
 x - a potion of lignification {unknown}
 z - a potion of cancellation {unknown}
 A - a potion of berserk rage {unknown}


   Skills:
 * Level 2.3 Fighting
 + Level 3.1 Short Blades
 + Level 2.7 Throwing
 * Level 3.3 Dodging
 * Level 8.1 Stealth
 * Level 1.6 Spellcasting
 * Level 1.9 Translocations
 * Level 1.5 Evocations


You had 6 spell levels left.
You knew the following spells:

 Your Spells              Type           Power      Damage    Failure   Level
a - Blink                 Tloc           12%        N/A       19%         2

Your spell library contained the following spells:

 Spells                   Type           Power      Damage    Failure   Level
 Lesser Beckoning         Tloc           6%         N/A       34%         3
 Manifold Assault         Tloc           6%         N/A       97%         5


Dungeon Overview and Level Annotations

Branches:
Dungeon (6/15)             Temple (1/1) D:6

Altars:
Cheibriados
Gozag
Wu Jian
Xom
Zin


Innate Abilities, Weirdness & Mutations

You are very small and have problems with some larger weapons.
You are too small for most types of armour.
You have supernaturally acute eyesight. (SInv)
You cover ground extremely quickly. (Speed+++)


Message History

The poisoned dart closely misses the black bear.
Throw: 3 darts (poison)
Press: ? - help, Q - select action, (/) - cycle Shift-Dir - straight line, f/p - black bear
Aim: a black bear (severely wounded, poisoned, 70% to hit)
You throw a poisoned dart. The poisoned dart hits the black bear.
The black bear looks even sicker.
The black bear is severely wounded.
Throw: 2 darts (poison)
Press: ? - help, Q - select action, (/) - cycle Shift-Dir - straight line, f/p - black bear
Aim: a black bear (severely wounded, very poisoned, 70% to hit)
You throw a poisoned dart. The poisoned dart hits the black bear.
The black bear looks even sicker.
The black bear is severely wounded.
The black bear goes berserk!
The black bear bites you. The black bear misses you.
The black bear closely misses you.
Found a book of Power.
The black bear rages.
You see here 3 gold pieces.
The orc shouts!
You hit the orc but do no damage. Your punch misses the orc.
The orc hits you but does no damage.
You hit the orc but do no damage. The black bear completely misses you.
The black bear misses you. The black bear closely misses you.
The orc hits you with a +0 falchion.
You hit the orc but do no damage. The black bear completely misses you.
The black bear claws you. The black bear barely misses you. The orc misses you.
The black bear bites you. The black bear misses you. x2
You hit the orc but do no damage. The black bear completely misses you.
The black bear closely misses you. x2; The orc hits you with a +0 falchion!
You hit the orc.
The orc is lightly wounded.
The black bear bites you.
* * * LOW HITPOINT WARNING * * *
The black bear closely misses you. x2; The orc closely misses you.
You hit the orc.
The orc is heavily wounded.
The black bear closely misses you. The black bear claws you.
You die...
Your body crumbles into a pile of gold.

#.# #.### #.# #...#
#.# ###.# $ #(# #.#
#(# #.# #$# #.# #.#
#.#
#(##########.#####.
#>.>..o@h.$.....:..#
############.#######
#... #####


You could see a black bear (berserk, poisoned) and an orc.

Vanquished Creatures
  A scorpion (D:5)
  An orc priest (D:3)
  A hound (D:5)
  Crazy Yiuf (D:2)
  Ijyb (D:2)
  2 orc wizards (D:3)
  3 adders
  4 orcs (D:3)
  4 ball pythons (D:2)
  4 endoplasms
  16 goblins
  4 hobgoblins
  2 jackals (D:3)
  A quokka (D:2)
  4 bats (D:1)
  4 frilled lizards
  5 kobolds
  6 rats
64 creatures vanquished.

Notes
Turn   | Place    | Note
-------+----------+-------------------------------------------
     0 | D:1      | styxcanada the Spriggan Brigand began the quest for the
                  | Orb.
     0 | D:1      | Reached XP level 1. HP: 10/10 MP: 2/2
    52 | D:1      | Reached skill level 6 in Stealth
   344 | D:1      | Reached XP level 2. HP: 14/14 MP: 3/3
   817 | D:2      | Reached skill level 7 in Stealth
   851 | D:2      | Noticed Ijyb
   907 | D:2      | Killed Ijyb
   908 | D:2      | Reached XP level 3. HP: 10/18 MP: 4/4
  1157 | D:2      | Found a runed translucent door.
  1158 | D:2      | Noticed Crazy Yiuf
  1165 | D:2      | Killed Crazy Yiuf
  1166 | D:2      | Reached XP level 4. HP: 23/23 MP: 5/5
  1322 | D:2      | Learned a level 2 spell: Blink
  1363 | D:2      | Found a faded altar of an unknown god.
  2561 | D:3      | Reached skill level 1 in Translocations
  2561 | D:3      | Reached XP level 5. HP: 4/26 MP: 6/6
  2911 | D:3      | Reached skill level 1 in Evocations
  3225 | D:3      | Reached skill level 1 in Spellcasting
  3382 | D:3      | You fall into a shaft and drop 3 floors!
  3389 | D:6      | Found a staircase to the Ecumenical Temple.
  3398 | Temple   | Entered the Ecumenical Temple
  3407 | Temple   | Became a worshipper of Gozag Ym Sagoz the Greedy
  3433 | D:5      | Entered Level 5 of the Dungeon
  3463 | D:5      | Reached skill level 8 in Stealth
  3464 | D:5      | Reached XP level 6. HP: 30/30 MP: 7/9
  3488 | D:5      | Found an ornate altar of the Wu Jian Council.
  3634 | D:4      | Slain by a black bear

Illustrated notes

Levels and vault maps discovered:
D:1:      roderic_chinese_lattice_arrival, layout_basic, minmay_pentomino_t4
D:2:      kennysheep_the_goblin_king, layout_loops_ring, basic_ecumenical_altar,
          nrook_mini_backslash, uniq_crazy_yiuf_cottage
D:3:      cheibrodos_pilgrimage, layout_basic, amcnicky_altar_gilded
D:4:      layout_loops_ring, serial_shops, nicolae_shop_stone,
          gammafunk_ghost_necromancy, serial_undead, serial_undead_e,
          serial_undead_a, serial_undead_e, serial_undead_f, uniq_ijyb,
          uniq_eustachio
D:5:      layout_loops_ring, old_standard_altar
D:6:      layout_cave_pools, mainiacjoe_overflow_divided_tiny,
          minmay_temple_entry_wispy, serial_column_ruins,
          column_ruins_columns_straight, column_ruins_columns_T,
          column_ruins_grid_1, column_ruins_open_small,
          column_ruins_columns_straight, biasface_ghost_orc_armoury
Temple:   regret_index_temple_mists

Skill      XL: |  1  2  3  4  5 |
---------------+----------------+-----
Stealth        | 6 7 8 |  8.1
Dodging        | 2 3 |  3.3
Fighting       | 2 |  2.3
Translocations | 1 |  1.9
Evocations     | 1 |  1.5
Short Blades   | 3 |  3.1
Spellcasting   | 1 |  1.6
Throwing       | |  2.7

Action                   |  1- 3 |  4- 6 || total
-------------------------+-------+-------++-------
Melee: Dagger            |    63 |    91 ||   154
Throw: Dart              |    19 |    46 ||    65
       Stone             |       |     1 ||     1
 Stab: Sleeping          |     5 |     5 ||    10
Armor: Robe              |     7 |     8 ||    15
Dodge: Dodged            |    38 |    79 ||   117
